Punishers vs Staline
(R1)
Created - 18 juin 2013 at 23:25
Goals
|
| Punishers |
3 |
3 |
0 |
6 |
| Staline |
1 |
2 |
0 |
3 |
|
Shots
|
| Punishers |
16 |
11 |
7 |
34 |
| Staline |
10 |
10 |
8 |
28 |
|
1st period
1. Punishers , Dave Bolland 15 (Viktor Stalberg, Chris Conner) at 0:16
2. Staline , Alexandre Daigle 7 (Chris Dingman, Mark Stuart) at 11:05
3. Punishers , Dave Bolland 16 (Chris Conner, Mike Weber) at 17:52
4. Punishers , Jimmie Olvestad 4 (Jean-Luc Grand-Pierre, Petteri Nokelainen) at 18:49
Penalties :
No Penalty
2nd period
5. Staline , Devin Setoguchi 10 (Robert Dome) at 0:40
6. Staline , Josh Green 4 (Matt Carle) at 11:08
7. Punishers , Kirk Maltby 18 (Alyn McCauley, Justin Falk) at 13:03
8. Punishers , Petteri Nokelainen 5 (Jimmie Olvestad, Aaron Palushaj) at 15:15
9. Punishers , Viktor Stalberg 14 (Jassen Cullimore, Alyn McCauley) at 17:16 (PP)
Penalties :
Eric Hunter (StJ) for Goalie Interference (Minor) at 1:59, Chris Dingman (StJ) for High sticking (Minor) at 16:39
3rd period
No Goal
Penalties :
Alyn McCauley (Pro) for Roughing (Minor) at 5:30, Alexandre Daigle (StJ) for Hooking (Minor) at 16:22, Aaron Palushaj (Pro) for Hooking (Minor) at 16:22
Goalie Stats
Karri Ramo (Pro), 25 saves from 28 shots - (0,893), W, 11-6-1, 60:00 minutes
Erik Ersberg (StJ), 17 saves from 22 shots - (0,773), L, 15-4-1, 35:15 minutes
Tobias Stephan (StJ), 11 saves from 12 shots - (0,917), 24:45 minutes
Players Stats for Punishers
Player Name G A P +/- PIM S H SB GA TA FO MP PP MP PK MP
------------------------------------------------------------------------------------
Aaron Palushaj 0 1 1 2 2 0 1 0 0 0 2/2 11:11 0:00 0:00
Alyn McCauley 0 2 2 1 2 7 2 0 0 1 7/18 16:19 1:12 0:00
Chris Conner 0 2 2 0 0 0 1 1 2 0 0/0 20:11 1:24 0:00
Dave Bolland 2 0 2 0 0 7 2 0 0 0 11/26 21:50 1:24 0:40
Jack Hillen 0 0 0 0 0 0 0 1 0 1 0/0 7:44 0:00 0:00
Jassen Cullimore 0 1 1 1 0 0 1 1 0 0 0/0 27:11 1:56 1:00
Jean-Luc Grand-Pierre 0 1 1 0 0 1 0 0 2 2 0/0 20:31 1:56 0:59
Jean-Michel Daoust 0 0 0 -1 0 0 0 1 0 0 0/0 9:08 0:00 0:00
Jimmie Olvestad 1 1 2 2 0 2 1 0 1 0 0/0 12:29 0:00 0:47
Joe Vitale 0 0 0 -1 0 0 0 0 0 0 2/3 8:35 0:00 0:00
Justin Falk 0 1 1 1 0 0 0 1 0 2 0/0 12:01 0:40 0:00
Kirk Maltby 1 0 1 1 0 2 0 0 2 0 1/2 18:00 1:24 0:57
Kris Chucko 0 0 0 -1 0 3 1 0 1 0 0/0 9:37 0:00 0:37
Mark Fraser 0 0 0 1 0 0 1 0 0 1 0/0 22:33 0:40 1:00
Mike Blunden 0 0 0 1 0 0 2 0 0 0 0/0 15:27 1:12 0:00
Mike Weber 0 1 1 1 0 3 6 2 1 2 0/0 25:59 0:00 0:59
Petteri Nokelainen 1 1 2 2 0 5 0 0 0 0 2/3 12:21 0:00 0:57
Stu Bickel 0 0 0 0 0 0 0 0 0 0 0/0 4:01 0:00 0:00
Viktor Stalberg 1 1 2 0 0 4 1 1 1 0 1/3 20:52 1:12 0:00
Players Stats for Staline
Player Name G A P +/- PIM S H SB GA TA FO MP PP MP PK MP
------------------------------------------------------------------------------------
Alexandre Daigle 1 0 1 -3 2 5 1 1 0 1 0/0 20:46 1:03 1:38
Brandon Prust 0 0 0 1 0 0 5 0 1 1 2/2 14:43 0:00 0:32
Brock Trotter 0 0 0 0 0 0 0 0 0 0 0/0 1:01 0:00 0:00
Cam Janssen 0 0 0 1 0 0 0 0 1 0 1/1 14:39 0:00 0:52
Chris Dingman 0 1 1 -3 2 4 2 0 1 0 2/2 21:07 1:03 1:01
Devin Setoguchi 1 0 1 0 0 2 2 0 0 0 0/1 15:01 0:56 0:00
Eric Hunter 0 0 0 0 2 2 0 0 0 0 1/5 8:09 0:00 0:00
Greg Zanon 0 0 0 -1 0 0 3 1 0 0 0/0 23:15 1:12 1:40
J.T. Wyman 0 0 0 0 0 0 1 1 2 0 0/0 8:02 0:00 0:00
Jean-François Jacques 0 0 0 0 0 0 0 0 0 0 0/0 0:00 0:00 0:00
Josh Green 1 0 1 1 0 2 0 0 0 2 0/0 14:07 0:00 0:00
Mark Stuart 0 1 1 -1 0 1 2 2 0 2 0/0 23:15 1:12 1:40
Matt Carle 0 1 1 0 0 2 1 0 2 1 0/0 18:06 0:47 0:56
Matt Generous 0 0 0 0 0 0 1 2 0 0 0/0 11:51 0:00 0:00
Maxime Fortunus 0 0 0 0 0 1 0 1 0 0 0/0 11:51 0:00 0:00
Mike Sauer 0 0 0 -1 0 0 0 0 0 0 0/0 6:48 0:00 0:00
Nathan Smith 0 0 0 0 0 0 2 1 0 0 5/12 16:55 0:56 0:17
Nick Palmieri 0 0 0 0 0 0 0 0 0 0 0/0 0:00 0:00 0:00
Raymond Sawada 0 0 0 0 0 0 0 0 0 0 0/0 0:00 0:00 0:00
Robby Dee 0 0 0 0 0 0 0 0 0 0 0/1 2:11 0:00 0:00
Robert Dome 0 1 1 0 0 2 1 1 1 2 0/1 15:35 0:56 0:26
Simon Danis-Pepin 0 0 0 -1 0 0 0 0 0 0 0/0 6:48 0:00 0:00
T.J. Fast 0 0 0 0 0 3 1 1 0 0 0/0 18:06 0:47 0:56
Tomas Kana 0 0 0 0 0 0 0 1 0 0 0/0 3:24 0:00 0:00
Yan Stastny 0 0 0 -3 0 4 1 2 1 1 20/32 19:42 1:03 0:26
3 Stars
1 - Dave Bolland (Pro)
2 - Jimmie Olvestad (Pro)
3 - Petteri Nokelainen (Pro)
Power Play
Punishers - 1 on 2 Attempt(s) - 50,00%
Staline - 0 on 1 Attempt(s) - 0,00%
Penalty Kill
Punishers - 1 on 1 Attempt(s) - 100,00%
- Score 0 goal in Penalty Kill
Staline - 1 on 2 Attempt(s) - 50,00%
- Score 0 goal in Penalty Kill
Official
Referees : Dwyer Gord and Leggo Mike
Linesman : Brad Kovachik and Jay Sharrers
Game Notes
Tomas Kana is injured at 14:33 of 1st period (Groin)
Tobias Stephan enters game at 15:15 of 2nd period
Finance
Level 1 -- Attendance: 2000 (100,00%) -- Ticket Income 70 000 $
Level 2 -- Attendance: 1000 (100,00%) -- Ticket Income 15 000 $
Total Attendance: 3000 (100,00%)
Total Ticket Income: 85 000 $
Other Income: 4 250 $
Total Income: 89 250 $
Punishers
5 vs 5 Forward
Center Left Wing Right Wing Time % Phy DF OF
1 Dave Bolland Viktor Stalberg Chris Conner 40 0 1 4
2 Alyn McCauley Kirk Maltby Mike Blunden 30 0 1 4
3 Petteri Nokelainen Jimmie Olvestad Aaron Palushaj 20 1 2 2
4 Joe Vitale Kris Chucko Jean-Michel Daoust 10 1 2 2
5 vs 5 Defense
Defense Defense Time % Phy DF OF
1 Mark Fraser Jassen Cullimore 40 0 4 1
2 Jean-Luc Grand-Pierre Mike Weber 30 0 0 5
3 Justin Falk Mike Weber 20 1 3 1
4 Jack Hillen Jassen Cullimore 10 1 3 1
PowerPlay Forward
Center Left Wing Right Wing Time % Phy DF OF
1 Dave Bolland Kirk Maltby Chris Conner 60 0 1 4
2 Alyn McCauley Viktor Stalberg Mike Blunden 40 0 1 4
PowerPlay Defense
Defense Defense Time % Phy DF OF
1 Jassen Cullimore Jean-Luc Grand-Pierre 60 0 2 3
2 Justin Falk Mark Fraser 40 0 2 3
Penalty Kill 4 Players Forward
Center Wing Time % Phy DF OF
1 Petteri Nokelainen Kirk Maltby 60 1 3 1
2 Dave Bolland Alyn McCauley 40 1 3 1
Penalty Kill 4 Players Defense
Defense Defense Time % Phy DF OF
1 Jassen Cullimore Mark Fraser 60 2 3 0
2 Jean-Luc Grand-Pierre Mike Weber 40 2 3 0
Penalty Kill - 3 Players Forward
Forward Time % Phy DF OF
1 Kirk Maltby 60 2 3 0
2 Petteri Nokelainen 40 2 3 0
Penalty Kill - 3 Players Defense
Defense Defense Time % Phy DF OF
1 Jassen Cullimore Mark Fraser 60 1 4 0
2 Jean-Luc Grand-Pierre Mike Weber 40 1 4 0
4 vs 4 Forward
Center Wing Time % Phy DF OF
1 Dave Bolland Kirk Maltby 60 0 1 4
2 Alyn McCauley Viktor Stalberg 40 0 1 4
4 vs 4 Defense
Defense Defense Time % Phy DF OF
1 Jassen Cullimore Mike Weber 60 1 3 1
2 Jean-Luc Grand-Pierre Mark Fraser 40 1 3 1
Last Minutes Offensive
Center Left Wing Right Wing Defense Defense
Dave Bolland Kirk Maltby Chris Conner Jassen Cullimore Jean-Luc Grand-Pierre
Last Minutes Defensive
Center Left Wing Right Wing Defense Defense
Alyn McCauley Kirk Maltby Chris Conner Jassen Cullimore Mark Fraser
Goaltenders
Starting : Karri Ramo
Backup : Curtis McElhinney
Extra Forwards
Normal : Viktor Stalberg, Jean-Michel Daoust, Kris Chucko - PP : Viktor Stalberg, Mike Blunden - PK : Kris Chucko
Extra Defensemen
Normal : Stu Bickel, Mike Weber, Justin Falk - PP : Stu Bickel - PK : Mike Weber, Justin Falk
Penalty Shots
Viktor Stalberg, Jimmie Olvestad, Chris Conner, Dave Bolland, Alyn McCauley
Staline
5 vs 5 Forward
Center Left Wing Right Wing Time % Phy DF OF
1 Yan Stastny Chris Dingman Alexandre Daigle 40 1 2 2
2 Nathan Smith Robert Dome Devin Setoguchi 30 1 2 2
3 Tomas Kana Josh Green Cam Janssen 20 1 2 2
4 Eric Hunter Brandon Prust J.T. Wyman 10 1 2 2
5 vs 5 Defense
Defense Defense Time % Phy DF OF
1 Mark Stuart Greg Zanon 40 1 2 2
2 Matt Carle T.J. Fast 30 1 2 2
3 Maxime Fortunus Matt Generous 20 1 2 2
4 Mike Sauer Simon Danis-Pepin 10 1 2 2
PowerPlay Forward
Center Left Wing Right Wing Time % Phy DF OF
1 Yan Stastny Chris Dingman Alexandre Daigle 60 1 2 2
2 Nathan Smith Robert Dome Devin Setoguchi 40 1 2 2
PowerPlay Defense
Defense Defense Time % Phy DF OF
1 Mark Stuart Greg Zanon 60 1 2 2
2 Matt Carle T.J. Fast 40 1 2 2
Penalty Kill 4 Players Forward
Center Wing Time % Phy DF OF
1 Chris Dingman Alexandre Daigle 60 1 2 2
2 Robert Dome Yan Stastny 40 1 2 2
Penalty Kill 4 Players Defense
Defense Defense Time % Phy DF OF
1 Mark Stuart Greg Zanon 60 1 2 2
2 Matt Carle T.J. Fast 40 1 2 2
Penalty Kill - 3 Players Forward
Forward Time % Phy DF OF
1 Chris Dingman 60 1 2 2
2 Alexandre Daigle 40 1 2 2
Penalty Kill - 3 Players Defense
Defense Defense Time % Phy DF OF
1 Mark Stuart Greg Zanon 60 1 2 2
2 Matt Carle T.J. Fast 40 1 2 2
4 vs 4 Forward
Center Wing Time % Phy DF OF
1 Chris Dingman Alexandre Daigle 60 1 2 2
2 Robert Dome Yan Stastny 40 1 2 2
4 vs 4 Defense
Defense Defense Time % Phy DF OF
1 Mark Stuart Greg Zanon 60 1 2 2
2 Matt Carle T.J. Fast 40 1 2 2
Last Minutes Offensive
Center Left Wing Right Wing Defense Defense
Yan Stastny Chris Dingman Alexandre Daigle Mark Stuart Greg Zanon
Last Minutes Defensive
Center Left Wing Right Wing Defense Defense
Yan Stastny Chris Dingman Alexandre Daigle Mark Stuart Greg Zanon
Goaltenders
Starting : Erik Ersberg
Backup : Tobias Stephan
Extra Forwards
Normal : Josh Green, Brandon Prust, Cam Janssen - PP : Josh Green, Brandon Prust - PK : Cam Janssen
Extra Defensemen
Normal : Maxime Fortunus, Matt Generous, Mike Sauer - PP : Maxime Fortunus - PK : Matt Generous, Mike Sauer
Penalty Shots
Chris Dingman, Alexandre Daigle, Robert Dome, Yan Stastny, Josh Green
% Time on Ice - Punishers
Lines # - Real PCT - Wanted PCT - Time Play
Normal Forward
1 - 36% - 40% - 19:26
2 - 27% - 30% - 14:15
3 - 21% - 20% - 11:10
4 - 16% - 10% - 8:35
Normal Defense
1 - 35% - 40% - 18:58
2 - 30% - 30% - 16:17
3 - 20% - 20% - 10:27
4 - 14% - 10% - 7:44
PP Forward
1 - 54% - 60% - 1:24
2 - 46% - 40% - 1:12
PP Defense
1 - 74% - 60% - 1:56
2 - 26% - 40% - 0:40
PK Forward
1 - 87% - 60% - 1:44
2 - 13% - 40% - 0:15
PK Defense
1 - 50% - 60% - 1:00
2 - 50% - 40% - 0:59
PK3 Forward
1 - 0% - 60%
2 - 0% - 40%
PK3 Defense
1 - 0% - 60%
2 - 0% - 40%
44 Forward
1 - 87% - 60% - 1:43
2 - 13% - 40% - 0:16
44 Defense
1 - 66% - 60% - 1:19
2 - 34% - 40% - 0:40
Last Minute Offensive - 0:00
Last Minute Defensive - 0:00
Total
Forward - 60:00
Defense - 60:00
|
% Time on Ice - Staline
Lines # - Real PCT - Wanted PCT - Time Play
Normal Forward
1 - 34% - 40% - 18:06
2 - 27% - 30% - 14:13
3 - 24% - 20% - 13:05
4 - 15% - 10% - 8:02
Normal Defense
1 - 36% - 40% - 19:17
2 - 29% - 30% - 15:30
3 - 22% - 20% - 11:51
4 - 13% - 10% - 6:48
PP Forward
1 - 53% - 60% - 1:03
2 - 47% - 40% - 0:56
PP Defense
1 - 61% - 60% - 1:12
2 - 39% - 40% - 0:47
PK Forward
1 - 83% - 60% - 2:10
2 - 17% - 40% - 0:26
PK Defense
1 - 64% - 60% - 1:40
2 - 36% - 40% - 0:56
PK3 Forward
1 - 0% - 60%
2 - 0% - 40%
PK3 Defense
1 - 0% - 60%
2 - 0% - 40%
44 Forward
1 - 100% - 60% - 1:59
2 - 0% - 40% - 0:00
44 Defense
1 - 55% - 60% - 1:06
2 - 45% - 40% - 0:53
Last Minute Offensive - 0:00
Last Minute Defensive - 0:00
Total
Forward - 60:00
Defense - 60:00
|
Play by Play
1st period
0:01 of 1st period - Yan Stastny wins face-off versus Dave Bolland in neutral zone.
0:16 of 1st period - Wrist shot by Dave Bolland.
0:16 of 1st period - Goal by Dave Bolland - Punishers : 1 - Staline : 0.
0:17 of 1st period - Nathan Smith wins face-off versus Alyn McCauley in neutral zone.
0:20 of 1st period - Slapshot by Matt Carle.
0:20 of 1st period - Shot Misses the Net.
1:02 of 1st period - Slapshot by Chris Dingman.
1:02 of 1st period - Stopped by Karri Ramo with a rebound.
1:16 of 1st period - Snap shot by Jimmie Olvestad.
1:16 of 1st period - Shot Misses the Net.
1:18 of 1st period - Slapshot by Mike Weber.
1:18 of 1st period - Stopped by Erik Ersberg without a rebound.
1:19 of 1st period - Dave Bolland wins face-off versus Eric Hunter in Staline zone.
1:46 of 1st period - Mark Fraser is hit by Greg Zanon.
2:08 of 1st period - Snap shot by Alexandre Daigle.
2:08 of 1st period - Shot Hit the Post.
2:38 of 1st period - Slapshot by Dave Bolland.
2:38 of 1st period - Shot Hit the Post.
3:58 of 1st period - Snap shot by Dave Bolland.
3:58 of 1st period - Stopped by Erik Ersberg with a rebound.
4:00 of 1st period - Snap shot by Dave Bolland.
4:00 of 1st period - Stopped by Erik Ersberg without a rebound.
4:01 of 1st period - Yan Stastny wins face-off versus Dave Bolland in Staline zone.
4:26 of 1st period - Devin Setoguchi is hit by Mike Weber.
6:31 of 1st period - Snap shot by Brandon Prust.
6:31 of 1st period - Shot Misses the Net.
6:37 of 1st period - Greg Zanon is hit by Kris Chucko and loses puck.
7:08 of 1st period - Snap shot by Alyn McCauley.
7:08 of 1st period - Stopped by Erik Ersberg with a rebound.
7:14 of 1st period - Wrist shot by Alyn McCauley.
7:14 of 1st period - Stopped by Erik Ersberg without a rebound.
7:15 of 1st period - Yan Stastny wins face-off versus Dave Bolland in Staline zone.
7:31 of 1st period - Icing by Viktor Stalberg.
7:32 of 1st period - Viktor Stalberg wins face-off versus Nathan Smith in Punishers zone.
7:57 of 1st period - Jassen Cullimore is hit by Alexandre Daigle.
8:01 of 1st period - Wrist shot by Chris Conner.
8:01 of 1st period - Shot Blocked by Yan Stastny.
8:19 of 1st period - Slapshot by Matt Carle.
8:19 of 1st period - Stopped by Karri Ramo with a rebound.
8:21 of 1st period - Slapshot by T.J. Fast.
8:21 of 1st period - Shot Misses the Net.
8:42 of 1st period - Icing by Dave Bolland.
8:43 of 1st period - Dave Bolland wins face-off versus Yan Stastny in Punishers zone.
9:06 of 1st period - Wrist shot by Viktor Stalberg.
9:06 of 1st period - Stopped by Erik Ersberg with a rebound.
9:08 of 1st period - Wrist shot by Chris Conner.
9:08 of 1st period - Deflect By Nathan Smith.
9:08 of 1st period - Shot Blocked by Nathan Smith.
9:08 of 1st period - Puck is out of play.
9:09 of 1st period - Nathan Smith wins face-off versus Alyn McCauley in Staline zone.
9:43 of 1st period - Slapshot by Alexandre Daigle.
9:43 of 1st period - Stopped by Karri Ramo with a rebound.
9:45 of 1st period - Wrist shot by Alexandre Daigle.
9:45 of 1st period - Shot Misses the Net.
10:15 of 1st period - Kirk Maltby is hit by Matt Generous and loses puck.
10:22 of 1st period - Matt Generous is hit by Alyn McCauley and loses puck.
10:42 of 1st period - Icing by Matt Generous.
10:43 of 1st period - Joe Vitale wins face-off versus Eric Hunter in Staline zone.
10:52 of 1st period - Wrist shot by Kris Chucko.
10:52 of 1st period - Stopped by Erik Ersberg without a rebound.
10:53 of 1st period - Yan Stastny wins face-off versus Joe Vitale in Staline zone.
11:03 of 1st period - Wrist shot by Chris Dingman.
11:03 of 1st period - Shot Blocked by Jack Hillen.
11:05 of 1st period - Snap shot by Alexandre Daigle.
11:05 of 1st period - Goal by Alexandre Daigle - Punishers : 1 - Staline : 1.
11:06 of 1st period - Yan Stastny wins face-off versus Alyn McCauley in neutral zone.
11:36 of 1st period - Snap shot by Kirk Maltby.
11:36 of 1st period - Shot Blocked by Mark Stuart.
11:38 of 1st period - Slapshot by Mark Fraser.
11:38 of 1st period - Deflect By Alyn McCauley.
11:38 of 1st period - Shot Misses the Net.
11:38 of 1st period - Puck is out of play.
11:39 of 1st period - Dave Bolland wins face-off versus Robert Dome in Staline zone.
12:04 of 1st period - Josh Green is hit by Aaron Palushaj and loses puck.
12:11 of 1st period - Snap shot by Petteri Nokelainen.
12:11 of 1st period - Deflect By Jimmie Olvestad.
12:11 of 1st period - Shot Misses the Net.
12:11 of 1st period - Puck is out of play.
12:12 of 1st period - Alyn McCauley wins face-off versus Yan Stastny in Staline zone.
12:39 of 1st period - Dave Bolland is hit by Nathan Smith and loses puck.
12:52 of 1st period - Josh Green is hit by Viktor Stalberg and loses puck.
13:05 of 1st period - J.T. Wyman is hit by Mike Weber and loses puck.
13:38 of 1st period - Off-side.
13:39 of 1st period - Yan Stastny wins face-off versus Dave Bolland in neutral zone.
14:09 of 1st period - Snap shot by Alyn McCauley.
14:09 of 1st period - Stopped by Erik Ersberg with a rebound.
14:15 of 1st period - Snap shot by Alyn McCauley.
14:15 of 1st period - Shot Blocked by Robert Dome.
14:31 of 1st period - Backhand shot by Petteri Nokelainen.
14:31 of 1st period - Stopped by Erik Ersberg with a rebound.
14:33 of 1st period - Snap shot by Petteri Nokelainen.
14:33 of 1st period - Shot Blocked by Tomas Kana.
14:33 of 1st period - Tomas Kana from Staline is injured at 14:33 of 1st period (Groin).
14:34 of 1st period - Yan Stastny wins face-off versus Dave Bolland in Staline zone.
14:39 of 1st period - Yan Stastny is hit by Dave Bolland and loses puck.
15:00 of 1st period - Greg Zanon is hit by Jassen Cullimore.
15:23 of 1st period - Slapshot by Kris Chucko.
15:23 of 1st period - Shot Misses the Net.
15:25 of 1st period - Wrist shot by Jassen Cullimore.
15:25 of 1st period - Deflect By Kris Chucko.
15:25 of 1st period - Stopped by Erik Ersberg with a rebound.
15:27 of 1st period - Slapshot by Jack Hillen.
15:27 of 1st period - Deflect By Kris Chucko.
15:27 of 1st period - Shot Blocked by Greg Zanon.
15:27 of 1st period - Puck is out of play.
15:28 of 1st period - Joe Vitale wins face-off versus Nathan Smith in Staline zone.
15:35 of 1st period - Snap shot by Robert Dome.
15:35 of 1st period - Stopped by Karri Ramo with a rebound.
16:23 of 1st period - Brandon Prust is hit by Mike Blunden and loses puck.
16:30 of 1st period - Snap shot by Alyn McCauley.
16:30 of 1st period - Deflect By Kirk Maltby.
16:30 of 1st period - Stopped by Erik Ersberg with a rebound.
16:32 of 1st period - Snap shot by Mike Blunden.
16:32 of 1st period - Shot Blocked by Matt Generous.
16:34 of 1st period - Wrist shot by Kirk Maltby.
16:34 of 1st period - Shot Blocked by Maxime Fortunus.
17:05 of 1st period - Off-side.
17:06 of 1st period - Dave Bolland wins face-off versus Yan Stastny in neutral zone.
17:17 of 1st period - Snap shot by Alexandre Daigle.
17:17 of 1st period - Deflect By Yan Stastny.
17:17 of 1st period - Stopped by Karri Ramo without a rebound.
17:18 of 1st period - Alyn McCauley wins face-off versus Nathan Smith in Punishers zone.
17:18 of 1st period - Alyn McCauley is hit by Matt Carle.
17:24 of 1st period - Snap shot by Kirk Maltby.
17:24 of 1st period - Shot Misses the Net.
17:26 of 1st period - Wrist shot by Alyn McCauley.
17:26 of 1st period - Shot Misses the Net.
17:32 of 1st period - Slapshot by Alyn McCauley.
17:32 of 1st period - Shot Misses the Net.
17:52 of 1st period - Wrist shot by Dave Bolland.
17:52 of 1st period - Goal by Dave Bolland - Punishers : 2 - Staline : 1.
17:53 of 1st period - Dave Bolland wins face-off versus Nathan Smith in neutral zone.
17:58 of 1st period - Snap shot by Dave Bolland.
17:58 of 1st period - Shot Misses the Net.
18:06 of 1st period - Wrist shot by Devin Setoguchi.
18:06 of 1st period - Shot Misses the Net.
18:08 of 1st period - Wrist shot by Devin Setoguchi.
18:08 of 1st period - Stopped by Karri Ramo without a rebound.
18:09 of 1st period - Alyn McCauley wins face-off versus Yan Stastny in Punishers zone.
18:09 of 1st period - Alyn McCauley is hit by Yan Stastny.
18:37 of 1st period - Slapshot by Petteri Nokelainen.
18:37 of 1st period - Stopped by Erik Ersberg with a rebound.
18:39 of 1st period - Wrist shot by Jimmie Olvestad.
18:39 of 1st period - Shot Misses the Net.
18:41 of 1st period - Snap shot by Jimmie Olvestad.
18:41 of 1st period - Stopped by Erik Ersberg without a rebound.
18:42 of 1st period - Petteri Nokelainen wins face-off versus Nathan Smith in Staline zone.
18:45 of 1st period - Wrist shot by Petteri Nokelainen.
18:45 of 1st period - Shot Misses the Net.
18:47 of 1st period - Slapshot by Jean-Luc Grand-Pierre.
18:47 of 1st period - Shot Misses the Net.
18:49 of 1st period - Wrist shot by Jimmie Olvestad.
18:49 of 1st period - Goal by Jimmie Olvestad - Punishers : 3 - Staline : 1.
18:50 of 1st period - Nathan Smith wins face-off versus Dave Bolland in neutral zone.
18:58 of 1st period - Off-side.
18:59 of 1st period - Dave Bolland wins face-off versus Devin Setoguchi in neutral zone.
19:09 of 1st period - Slapshot by Jassen Cullimore.
19:09 of 1st period - Shot Blocked by T.J. Fast.
19:36 of 1st period - Snap shot by Robert Dome.
19:36 of 1st period - Stopped by Karri Ramo without a rebound.
19:37 of 1st period - Alyn McCauley wins face-off versus Yan Stastny in Punishers zone.
19:37 of 1st period - Alyn McCauley is hit by Greg Zanon.
19:51 of 1st period - Snap shot by Alexandre Daigle.
19:51 of 1st period - Stopped by Karri Ramo with a rebound.
19:53 of 1st period - Wrist shot by Yan Stastny.
19:53 of 1st period - Stopped by Karri Ramo with a rebound.
2nd period
0:01 of 2nd period - Yan Stastny wins face-off versus Alyn McCauley in neutral zone.
0:06 of 2nd period - Wrist shot by Alexandre Daigle.
0:06 of 2nd period - Deflect By Chris Dingman.
0:06 of 2nd period - Shot Blocked by Mike Weber.
0:06 of 2nd period - Puck is out of play.
0:07 of 2nd period - Yan Stastny wins face-off versus Alyn McCauley in Punishers zone.
0:18 of 2nd period - Snap shot by Alexandre Daigle.
0:18 of 2nd period - Shot Blocked by Mike Weber.
0:22 of 2nd period - Snap shot by Chris Dingman.
0:22 of 2nd period - Shot Misses the Net.
0:40 of 2nd period - Wrist shot by Devin Setoguchi.
0:40 of 2nd period - Goal by Devin Setoguchi - Punishers : 3 - Staline : 2.
0:41 of 2nd period - Yan Stastny wins face-off versus Viktor Stalberg in neutral zone.
0:45 of 2nd period - Off-side.
0:46 of 2nd period - Dave Bolland wins face-off versus Yan Stastny in neutral zone.
0:49 of 2nd period - Mark Stuart is hit by Chris Conner and loses puck.
1:56 of 2nd period - Backhand shot by J.T. Wyman.
1:56 of 2nd period - Shot Misses the Net.
1:58 of 2nd period - Slapshot by T.J. Fast.
1:58 of 2nd period - Stopped by Karri Ramo without a rebound.
1:59 of 2nd period - Petteri Nokelainen wins face-off versus Eric Hunter in Punishers zone.
1:59 of 2nd period - Minor Penalty to Eric Hunter for Goalie Interference.
2:00 of 2nd period - Chris Dingman wins face-off versus Dave Bolland in Staline zone.
2:13 of 2nd period - Wrist shot by Dave Bolland.
2:13 of 2nd period - Stopped by Erik Ersberg with a rebound.
3:59 of 2nd period - Penalty to Eric Hunter is over, Eric Hunter is back on ice.
5:41 of 2nd period - Brandon Prust is hit by Mike Weber and loses puck.
6:52 of 2nd period - Wrist shot by Devin Setoguchi.
6:52 of 2nd period - Shot Misses the Net.
7:22 of 2nd period - Justin Falk is hit by Devin Setoguchi and loses puck.
7:45 of 2nd period - Jack Hillen is hit by Chris Dingman and loses puck.
8:28 of 2nd period - Joe Vitale is hit by Brandon Prust and loses puck.
8:39 of 2nd period - Wrist shot by Alexandre Daigle.
8:39 of 2nd period - Shot Blocked by Jean-Michel Daoust.
8:55 of 2nd period - Slapshot by Mike Weber.
8:55 of 2nd period - Stopped by Erik Ersberg without a rebound.
8:56 of 2nd period - Dave Bolland wins face-off versus Robby Dee in Staline zone.
9:48 of 2nd period - Matt Carle is hit by Mike Weber and loses puck.
11:08 of 2nd period - Wrist shot by Josh Green.
11:08 of 2nd period - Goal by Josh Green - Punishers : 3 - Staline : 3.
11:09 of 2nd period - Yan Stastny wins face-off versus Alyn McCauley in neutral zone.
11:22 of 2nd period - Mark Stuart is hit by Mike Blunden and loses puck.
11:55 of 2nd period - Chris Dingman is hit by Mark Fraser and loses puck.
12:24 of 2nd period - Snap shot by J.T. Wyman.
12:24 of 2nd period - Shot Misses the Net.
12:26 of 2nd period - Wrist shot by Eric Hunter.
12:26 of 2nd period - Stopped by Karri Ramo without a rebound.
12:27 of 2nd period - Nathan Smith wins face-off versus Petteri Nokelainen in Punishers zone.
12:42 of 2nd period - Devin Setoguchi is hit by Jimmie Olvestad and loses puck.
13:03 of 2nd period - Slapshot by Kirk Maltby.
13:03 of 2nd period - Goal by Kirk Maltby - Punishers : 4 - Staline : 3.
13:04 of 2nd period - Yan Stastny wins face-off versus Alyn McCauley in neutral zone.
13:07 of 2nd period - Slapshot by Mark Stuart.
13:07 of 2nd period - Stopped by Karri Ramo without a rebound.
13:08 of 2nd period - Alyn McCauley wins face-off versus Yan Stastny in Punishers zone.
13:08 of 2nd period - Alyn McCauley is hit by Chris Dingman.
13:34 of 2nd period - Snap shot by Mark Stuart.
13:34 of 2nd period - Shot Misses the Net.
13:48 of 2nd period - Kirk Maltby is hit by Brandon Prust and loses puck.
14:29 of 2nd period - Slapshot by Petteri Nokelainen.
14:29 of 2nd period - Stopped by Erik Ersberg with a rebound.
14:55 of 2nd period - Slapshot by Maxime Fortunus.
14:55 of 2nd period - Shot Blocked by Justin Falk.
15:11 of 2nd period - Snap shot by Dave Bolland.
15:11 of 2nd period - Stopped by Erik Ersberg without a rebound.
15:12 of 2nd period - Aaron Palushaj wins face-off versus Yan Stastny in Staline zone.
15:15 of 2nd period - Snap shot by Petteri Nokelainen.
15:15 of 2nd period - Goal by Petteri Nokelainen - Punishers : 5 - Staline : 3.
15:15 of 2nd period - Tobias Stephan enters game.
15:16 of 2nd period - Yan Stastny wins face-off versus Dave Bolland in neutral zone.
15:41 of 2nd period - Mike Blunden is hit by Robert Dome.
16:17 of 2nd period - Cam Janssen is hit by Mike Weber and loses puck.
16:28 of 2nd period - Slapshot by Yan Stastny.
16:28 of 2nd period - Stopped by Karri Ramo with a rebound.
16:30 of 2nd period - Slapshot by T.J. Fast.
16:30 of 2nd period - Stopped by Karri Ramo with a rebound.
16:32 of 2nd period - Snap shot by Yan Stastny.
16:32 of 2nd period - Shot Blocked by Viktor Stalberg.
16:34 of 2nd period - Wrist shot by T.J. Fast.
16:34 of 2nd period - Stopped by Karri Ramo with a rebound.
16:39 of 2nd period - Minor Penalty to Chris Dingman for High sticking.
16:40 of 2nd period - Cam Janssen wins face-off versus Kirk Maltby in Staline zone.
16:45 of 2nd period - Snap shot by Greg Zanon.
16:45 of 2nd period - Shot Misses the Net.
17:06 of 2nd period - Icing by Viktor Stalberg.
17:07 of 2nd period - Alyn McCauley wins face-off versus Nathan Smith in Punishers zone.
17:16 of 2nd period - Wrist shot by Viktor Stalberg.
17:16 of 2nd period - Deflect By T.J. Fast.
17:16 of 2nd period - Goal by Viktor Stalberg - Punishers : 6 - Staline : 3.
17:17 of 2nd period - Dave Bolland wins face-off versus Yan Stastny in neutral zone.
17:50 of 2nd period - Slapshot by Alyn McCauley.
17:50 of 2nd period - Stopped by Tobias Stephan without a rebound.
17:51 of 2nd period - Aaron Palushaj wins face-off versus Nathan Smith in Staline zone.
17:54 of 2nd period - Slapshot by Jimmie Olvestad.
17:54 of 2nd period - Shot Misses the Net.
17:56 of 2nd period - Slapshot by Mike Weber.
17:56 of 2nd period - Shot Misses the Net.
18:04 of 2nd period - Wrist shot by Jimmie Olvestad.
18:04 of 2nd period - Shot Misses the Net.
18:06 of 2nd period - Wrist shot by Petteri Nokelainen.
18:06 of 2nd period - Stopped by Tobias Stephan with a rebound.
18:42 of 2nd period - Off-side.
18:43 of 2nd period - Yan Stastny wins face-off versus Dave Bolland in neutral zone.
18:50 of 2nd period - Wrist shot by Alexandre Daigle.
18:50 of 2nd period - Stopped by Karri Ramo with a rebound.
19:18 of 2nd period - Snap shot by Alyn McCauley.
19:18 of 2nd period - Shot Blocked by Yan Stastny.
19:20 of 2nd period - Slapshot by Jean-Luc Grand-Pierre.
19:20 of 2nd period - Stopped by Tobias Stephan with a rebound.
19:22 of 2nd period - Slapshot by Mike Weber.
19:22 of 2nd period - Stopped by Tobias Stephan with a rebound.
19:24 of 2nd period - Slapshot by Jean-Luc Grand-Pierre.
19:24 of 2nd period - Shot Blocked by Alexandre Daigle.
19:34 of 2nd period - Slapshot by Chris Dingman.
19:34 of 2nd period - Stopped by Karri Ramo with a rebound.
19:48 of 2nd period - Jassen Cullimore is hit by Greg Zanon.
3rd period
0:01 of 3rd period - Yan Stastny wins face-off versus Dave Bolland in neutral zone.
0:27 of 3rd period - Jassen Cullimore is hit by Brandon Prust and loses puck.
0:32 of 3rd period - Slapshot by Matt Carle.
0:32 of 3rd period - Stopped by Karri Ramo without a rebound.
0:33 of 3rd period - Eric Hunter wins face-off versus Alyn McCauley in Punishers zone.
0:54 of 3rd period - T.J. Fast is hit by Alyn McCauley and loses puck.
1:22 of 3rd period - Slapshot by Matt Carle.
1:22 of 3rd period - Shot Misses the Net.
1:24 of 3rd period - Snap shot by Eric Hunter.
1:24 of 3rd period - Stopped by Karri Ramo without a rebound.
1:25 of 3rd period - Dave Bolland wins face-off versus Yan Stastny in Punishers zone.
2:44 of 3rd period - Wrist shot by Alyn McCauley.
2:44 of 3rd period - Stopped by Tobias Stephan without a rebound.
2:45 of 3rd period - Brandon Prust wins face-off versus Alyn McCauley in Staline zone.
2:54 of 3rd period - Wrist shot by Cam Janssen.
2:54 of 3rd period - Shot Misses the Net.
2:56 of 3rd period - Wrist shot by Brandon Prust.
2:56 of 3rd period - Shot Misses the Net.
2:58 of 3rd period - Snap shot by Josh Green.
2:58 of 3rd period - Stopped by Karri Ramo without a rebound.
2:59 of 3rd period - Yan Stastny wins face-off versus Dave Bolland in Punishers zone.
3:04 of 3rd period - Slapshot by Chris Dingman.
3:04 of 3rd period - Deflect By Viktor Stalberg.
3:04 of 3rd period - Shot Blocked by Chris Conner.
3:04 of 3rd period - Puck is out of play.
3:05 of 3rd period - Yan Stastny wins face-off versus Dave Bolland in Punishers zone.
3:12 of 3rd period - Slapshot by Alexandre Daigle.
3:12 of 3rd period - Stopped by Karri Ramo without a rebound.
3:13 of 3rd period - Yan Stastny wins face-off versus Dave Bolland in Punishers zone.
3:16 of 3rd period - Wrist shot by Alexandre Daigle.
3:16 of 3rd period - Shot Misses the Net.
3:28 of 3rd period - Snap shot by Viktor Stalberg.
3:28 of 3rd period - Stopped by Tobias Stephan with a rebound.
3:38 of 3rd period - Mike Blunden is hit by Devin Setoguchi and loses puck.
3:46 of 3rd period - Slapshot by Mike Weber.
3:46 of 3rd period - Shot Misses the Net.
3:48 of 3rd period - Slapshot by Alyn McCauley.
3:48 of 3rd period - Shot Blocked by Mark Stuart.
5:04 of 3rd period - Snap shot by Kris Chucko.
5:04 of 3rd period - Stopped by Tobias Stephan without a rebound.
5:05 of 3rd period - Brandon Prust wins face-off versus Viktor Stalberg in Staline zone.
5:05 of 3rd period - Brandon Prust is hit by Dave Bolland.
5:30 of 3rd period - Minor Penalty to Alyn McCauley for Roughing.
5:31 of 3rd period - Kirk Maltby wins face-off versus Yan Stastny in Punishers zone.
7:30 of 3rd period - Penalty to Alyn McCauley is over, Alyn McCauley is back on ice.
7:35 of 3rd period - Mike Weber is hit by Brandon Prust and loses puck.
8:23 of 3rd period - Snap shot by Dave Bolland.
8:23 of 3rd period - Stopped by Tobias Stephan with a rebound.
8:25 of 3rd period - Wrist shot by Chris Conner.
8:25 of 3rd period - Shot Misses the Net.
12:01 of 3rd period - Aaron Palushaj is hit by Brandon Prust and loses puck.
12:20 of 3rd period - Snap shot by Kris Chucko.
12:20 of 3rd period - Shot Misses the Net.
12:22 of 3rd period - Slapshot by Mark Fraser.
12:22 of 3rd period - Shot Blocked by Matt Generous.
12:32 of 3rd period - Snap shot by Viktor Stalberg.
12:32 of 3rd period - Stopped by Tobias Stephan with a rebound.
12:50 of 3rd period - Snap shot by Maxime Fortunus.
12:50 of 3rd period - Stopped by Karri Ramo without a rebound.
12:51 of 3rd period - Yan Stastny wins face-off versus Dave Bolland in Punishers zone.
12:56 of 3rd period - Snap shot by Chris Dingman.
12:56 of 3rd period - Stopped by Karri Ramo with a rebound.
12:58 of 3rd period - Snap shot by Alexandre Daigle.
12:58 of 3rd period - Shot Misses the Net.
13:00 of 3rd period - Wrist shot by Chris Dingman.
13:00 of 3rd period - Stopped by Karri Ramo with a rebound.
13:02 of 3rd period - Wrist shot by Alexandre Daigle.
13:02 of 3rd period - Shot Misses the Net.
13:04 of 3rd period - Snap shot by Greg Zanon.
13:04 of 3rd period - Shot Misses the Net.
13:06 of 3rd period - Snap shot by Yan Stastny.
13:06 of 3rd period - Shot Misses the Net.
13:16 of 3rd period - Jimmie Olvestad is hit by Nathan Smith and loses puck.
13:22 of 3rd period - Off-side.
13:23 of 3rd period - Yan Stastny wins face-off versus Alyn McCauley in neutral zone.
13:34 of 3rd period - Snap shot by Alyn McCauley.
13:34 of 3rd period - Stopped by Tobias Stephan with a rebound.
14:14 of 3rd period - Wrist shot by J.T. Wyman.
14:14 of 3rd period - Deflect By Brandon Prust.
14:14 of 3rd period - Shot Blocked by Jassen Cullimore.
14:14 of 3rd period - Puck is out of play.
14:15 of 3rd period - Alyn McCauley wins face-off versus Eric Hunter in Punishers zone.
14:30 of 3rd period - Snap shot by Alyn McCauley.
14:30 of 3rd period - Shot Blocked by J.T. Wyman.
14:40 of 3rd period - Mark Fraser is hit by Mark Stuart and loses puck.
14:49 of 3rd period - Snap shot by Yan Stastny.
14:49 of 3rd period - Stopped by Karri Ramo without a rebound.
14:50 of 3rd period - Nathan Smith wins face-off versus Alyn McCauley in Punishers zone.
15:49 of 3rd period - Icing by Greg Zanon.
15:50 of 3rd period - Dave Bolland wins face-off versus Yan Stastny in Staline zone.
16:22 of 3rd period - Minor Penalty to Alexandre Daigle for Hooking.
16:22 of 3rd period - Minor Penalty to Aaron Palushaj for Hooking.
16:23 of 3rd period - Chris Dingman wins face-off versus Dave Bolland in Punishers zone.
17:14 of 3rd period - Slapshot by Alyn McCauley.
17:14 of 3rd period - Stopped by Tobias Stephan with a rebound.
17:36 of 3rd period - Mike Weber is hit by Mark Stuart.
18:18 of 3rd period - Jean-Michel Daoust is hit by T.J. Fast and loses puck.
18:22 of 3rd period - Penalty to Alexandre Daigle is over, Alexandre Daigle is back on ice.
18:22 of 3rd period - Penalty to Aaron Palushaj is over, Aaron Palushaj is back on ice.
18:45 of 3rd period - Snap shot by J.T. Wyman.
18:45 of 3rd period - Shot Misses the Net.
19:22 of 3rd period - Matt Carle is hit by Mike Weber and loses puck.
19:39 of 3rd period - Jack Hillen is hit by J.T. Wyman and loses puck.
Output by the SimonT Hockey Simulator (STHS) for François Prévost -- Original Page W3C XHTML 1.0 Valid